 Dungeon Crawl Stone Soup version 0.30-a0-374-g95c0257040 (webtiles) character file.

Game seed: 10663145385557551237

44 Bnni the Caller (level 3, -1/39 HPs)
             Began as a Barachi Summoner on Nov 25, 2022.
             Slain by an orc priest
             ... wielding a +0 dagger
              (3 damage)
             ... on level 1 of the Dungeon.
             The game lasted 00:01:54 (1117 turns).

Bnni the Caller (Barachi Summoner)                  Turns: 1117, Time: 00:01:54

Health: -1/39      AC: 21    Str:  9    XL:     3   Next: 60%
Magic:  4/7        EV:  2    Int: 17    God:
Gold:   77         SH:  0    Dex: 12    Spells: 4/7 levels left

rFire   . . .      SeeInvis .    d - +3 dagger
rCold   . . .      Faith    .    (no shield)
rNeg    . . .      Spirit   .    (body armour currently unavailable)
rPois   +          Reflect  .    (helmet currently unavailable)
rElec   .          Harm     .    (cloak currently unavailable)
rCorr   .          Rampage  .    (gloves currently unavailable)
Will    .....      NoTele   +    (boots currently unavailable)
Stlth   ++........               (no amulet)
HPRegen 0.26/turn                (no ring)
MPRegen 0.10/turn                (no ring)

@: tree-form, very slightly contaminated
A: stationary, stasis, torment immunity, boosted hp, (amphibious), (slowness 1),
(strong legs 1), +LOS
a: no special abilities


You were on level 1 of the Dungeon.
You were a tree.
You visited 1 branch of the dungeon, and saw 2 of its levels.

You collected 77 gold pieces.

Inventory:

Hand Weapons
 d - a +3 dagger (weapon)
Missiles
 f - 2 poisoned darts
Armour
 a - a +0 robe (melded)
Scrolls
 e - a scroll of enchant armour {unknown}
 g - a scroll of identify {unknown}
 h - 2 scrolls of brand weapon {unknown}
 j - a scroll of butterflies {unknown}
Potions
 b - a potion of magic
 c - a potion of flight {unknown}
 i - a potion of lignification
 k - a potion of curing {unknown}


   Skills:
 + Level 1.6 Fighting
 - Level 2.1 Dodging
 - Level 1.7 Stealth
 + Level 2.7 Spellcasting
 * Level 5.6 Summonings


You had 4 spell levels left.
You knew the following spells:

 Your Spells              Type           Power      Damage    Failure   Level
a - Summon Small Mammal   Summ           84%        N/A       1%          1
b - Call Imp              Summ           21%        N/A       2%          2

Your spell library contained the following spells:

 Spells                   Type           Power      Damage    Failure   Level
 Call Canine Familiar     Summ           21%        N/A       5%          3
 Summon Guardian Golem    Hex/Summ       11%        N/A       17%         3
 Summon Lightning Spire   Summ/Air       11%        N/A       50%         4


Dungeon Overview and Level Annotations

Branches:
Dungeon (2/15)

Altars:


Innate Abilities, Weirdness & Mutations

You are a tree.
Your roots penetrate the ground, keeping you stationary.
You cannot be teleported.
You are immune to unholy pain and torment.
Your maximum health is greatly increased.
Your equipment is partially melded.
((You are amphibious.))
((You cover ground slowly.))
((You can hop short distances.))
You have an extended range of vision and can be seen from far away.


Message History

Magic restored.
You swap places.
There is a stone staircase leading down here.
HP restored.
Your crimson imp disappears in a puff of smoke!
There is a stone staircase leading down here.
You climb downwards.
The orc shouts!
The adder hisses angrily.
The orc shouts!
The orc hits you from afar with a +0 trident!
The orc priest closely misses you.
The orc shouts!
The orc barely misses you.
The orc throws a boomerang.
The boomerang barely misses you.
The frilled lizard hisses angrily.
Found a leather armour.
There is a stone staircase leading up, spattered with blood here.
The orc barely misses you.
The orc priest mumbles some strange prayers to Beogh against you.
Beogh smites you!
Ouch! That really hurt!
* * * LOW HITPOINT WARNING * * *
You climb upwards.
There is a stone staircase leading down here.
Casting: Summon Small Mammal (safe; 1% risk of failure)
Confirm with . or Enter, or press ? or * to list all spells.
A shadowy apparition takes form in the air.
The orc barely misses you. The orc priest barely misses you.
Casting: Call Imp (safe; 2% risk of failure)
Confirm with . or Enter, or press ? or * to list all spells.
You miscast Summon Small Mammal.
You are very lightly contaminated with residual magic.
Nothing appears to happen.
The orc barely misses you.
The orc priest hits you with a +0 dagger.
* * * LOW HITPOINT WARNING * * *
Your shadow imp closely misses the orc.
It was a potion of lignification.
You turn into a tree.
Your +0 robe melds into your body.
Your roots penetrate the ground.
The orc barely misses you.
The orc priest hits you with a +0 dagger.
You die...

#...............# #...
#.#############.# #.##
#.#.......# #.# #.# #.#.#####.#
#.# #.# #.#.# #.# #.######## #.##
#.#.#####.# #[.......# #...
#.#.....#.#####........##########
#.#######.#....o.5...............
#.# #.#.....♣o.....########## #.#
#.#............# #.#
#.#............# #.#
#.#............# #.#
#.#............#####
..#######.#............#...# ###
..........#.....########...# #..
###########.....# #...# #.# #
####### #...# #.#


You could see an orc priest, an orc (ally target) and a friendly shadow imp
(summoned).

Vanquished Creatures
  An adder (D:2)
  A ball python (D:2)
  An endoplasm (D:1)
  A goblin (D:1)
  2 jackals (D:1)
  2 bats (D:1)
  3 kobolds (D:1)
  2 rats (D:1)
13 creatures vanquished.

Vanquished Creatures (collateral kills)
  2 gnolls
  A kobold (D:2)
3 creatures vanquished.

Grand Total: 16 creatures vanquished

Notes
Turn   | Place    | Note
-------+----------+-------------------------------------------
     0 | D:1      | Bnni the Barachi Summoner began the quest for the Orb.
     0 | D:1      | Reached XP level 1. HP: 13/13 MP: 3/3
   391 | D:1      | Reached skill level 5 in Summonings
   398 | D:1      | Reached XP level 2. HP: 19/20 MP: 3/5
   671 | D:1      | Reached skill level 1 in Fighting
   862 | D:1      | Learned a level 2 spell: Call Imp
   975 | D:2      | Reached XP level 3. HP: 25/26 MP: 1/6
  1116 | D:1      | HP: 1/26 [orc priest/+0 dagger (4)]
  1117 | D:1      | Slain by an orc priest

Illustrated notes

Levels and vault maps discovered:
D:1:      lightli_arrival_chessboard, layout_basic
D:2:      layout_rooms

Skill      XL: |  1  2 |
---------------+-------+-----
Summonings     | 5 |  5.6
Fighting       | 1 |  1.6
Dodging        | |  2.1
Stealth        | |  1.7
Spellcasting   | |  2.7

Action                   || total
-------------------------++-------
Melee: Dagger            ||    45
 Cast: Summon Small Mamm ||     4
       Call Imp          ||     4
  Use: Potion            ||     1
 Stab: Sleeping          ||     3
Armor: Robe              ||    11
Dodge: Dodged            ||    36

Table legend: (Time is in decaauts)
 A = Elapsed time spent in this place.
 B = Non-inter-level travel time spent in this place.
 C = Inter-level travel time spent in this place.
 D = Time resting spent in this place.
 E = Time spent auto-exploring this place.
 F = Levels seen in this place.
 G = Mean time per level.
                   A        B        C        D        E       F      G
               +--------+--------+--------+--------+--------+-----+--------+
         Total |   1294 |   1177 |    117 |     66 |    952 |   2 |  647.0 |
       Dungeon |   1294 |   1177 |    117 |     66 |    952 |   2 |  647.0 |
               +--------+--------+--------+--------+--------+-----+--------+

Top non-repeatable levels by time:
     D:1: 1215 daAuts
     D:2: 79 daAuts
